Match 41146067
Unlisted

Match 41146067
End
Construct Section Command Post
Dingo Light Scout Car
Infantry Section
Infantry Section
ML 3-inch Mortar Team
Infantry Section
Grenade Package
Construct Platoon Command Post
Construct Field Infirmary
Humber Armored Car
6-pounder Anti-tank Gun Team
Vickers Machine Gun Team
Construct Company Command Post
Selects Australian Defense Battlegroup
Selects CMP 15cwt Supply Run
Selects Reinforced Resource Caches
Selects Australian Light Infantry Section
Selects 2-pounder Anti-tank Gun Team
Royal Engineer Section
Matilda II Heavy Tank
Crusader II Medium Tank
Crusader II Medium Tank
Selects Vehicle Over Repair
Matilda II Heavy Tank
Crusader II Medium Tank
Armored Vehicle Training
Selects Charged Creeping Barrage
Charged Creeping Barrage
Matilda II Heavy Tank
Royal Engineer Section
Unlock Towed 17-pounder Anti-tank Guns
17-pounder Anti-tank Gun Team
Vickers Machine Gun Team
Unlock M3 Grant Medium Tanks
M3 Grant Medium Tank
M3 Grant Medium Tank
Royal Engineer Section
Crusader II Medium Tank
la
kyo988
0
0

Comments sign in to comment!

No comments posted yet!